Map: King's Cove LE

Players

Throwfordays - Winner!

  • Race: Terran Terran
  • League: Silver
  • Spawn Location: 11:00

DaPranksta

  • Race: Terran Terran
  • League: Bronze
  • Spawn Location: 5:00

VOD

Have the link to the VOD?

Description

Time

  • Played on: March 20, 2019, 11:06 p.m.
  • Length: 11:04
Show
View Real Time Build Order
Export as new Build Order

Throwfordays Terran - Winner!

Build Orders:  

Get SALT Encoding   

  12  0:00  SCV  
  13  0:13  SCV  
  14  0:21  Supply Depot  
  14  0:25  SCV  
  15  0:43  SCV  
  15  0:45  Barracks  
  16  0:55  SCV  
  17  1:00  Refinery  
  17  1:07  SCV  
  17  1:08  Refinery  
  18  1:19  SCV  
  19  1:31  SCV  
  20  1:41  Command Center  
  20  1:54  Supply Depot, Barracks Tech Lab  
  20  1:58  SCV  
  21  2:10  SCV  
  21  2:11  Barracks  
  22  2:17  Supply Depot  
  22  2:18  Marine  
  23  2:27  SCV  
  24  2:36  Marine  
  25  2:48  SCV  
  26  2:54  Marine  
  26  2:56  Engineering Bay  
  27  3:01  Barracks Reactor, SCV  
  28  3:10  Barracks  
  28  3:11  Marine  
  29  3:21  SCV  
  29  3:24  SCV  
  31  3:29  Marine  
  31  3:33  SCV  
  33  3:37  SCV  
  34  3:45  SCV  
  34  3:47  Marine  
  36  3:49  SCV  
  37  3:57  SCV  
  37  4:01  SCV  
  39  4:05  Marine  
  39  4:06  Supply Depot  
  39  4:09  SCV  
  41  4:13  SCV  
  42  4:17  Terran Infantry Weapons Level 1  
  42  4:19  Barracks Reactor  
  42  4:22  SCV  
  42  4:23  Marine  
  44  4:25  SCV  
  44  4:27  Engineering Bay  
  45  4:31  Supply Depot  
  45  4:34  SCV  
  45  4:36  Combat Shield  
  45  4:37  SCV  
  47  4:39  Marine x2  
  47  4:40  Marine  
  50  4:46  SCV  
  51  4:56  Marine x2  
  51  4:57  Marine  
  51  4:58  Marine x2, SCV  
  57  5:06  Terran Infantry Armor Level 1  
  57  5:13  Supply Depot  
  57  5:14  Marine x3  
  57  5:15  Marine  
  57  5:16  Marine  
  57  5:18  Orbital Command  
  62  5:32  Marine  
  63  5:37  Command Center  
  63  5:49  Supply Depot, SCV  
  64  5:53  Factory  
  64  5:54  Marine x5  
  69  6:01  SCV  
  70  6:11  Supply Depot  
  70  6:12  Marine x2  
  70  6:13  Supply Depot  
  70  6:16  Stimpack  
  72  6:28  Refinery  
  72  6:30  Refinery  
  72  6:34  SCV  
  73  6:44  Factory  
  73  6:46  SCV  
  74  6:47  Starport  
  74  6:48  Starport  
  74  6:53  SCV  
  75  6:58  SCV  
  76  7:06  SCV  
  77  7:10  SCV  
  77  7:15  Factory Tech Lab  
  78  7:18  SCV  
  78  7:22  SCV  
  80  7:30  SCV x2  
  82  7:37  Supply Depot x2  
  82  7:42  SCV x2  
  80  7:54  SCV x2  
  76  8:04  Marine x3  
  76  8:05  Marine x2  
  81  8:06  SCV x2  
  83  8:18  SCV x2  
  85  8:22  Marine x4  
  85  8:23  Marine  
  90  8:40  Marine x5  
  94  8:44  Planetary Fortress  
  87  8:58  Marine x5  
  88  9:15  Marine  
  88  9:16  Marine x4  
  93  9:17  SCV  
  93  9:20  SCV  
  95  9:25  Starport Reactor x2  
  95  9:29  Armory  
  95  9:30  SCV  
  96  9:32  SCV  
  96  9:33  Marine x2  
  96  9:34  Marine x2  
  101  10:43  Marine  
  101  10:45  Marine  
  101  10:48  SCV  
  101  10:49  SCV  
  95  11:00  Supply Depot  
  95  11:01  Supply Depot  
  96  11:02  Supply Depot  
  96  11:03  Supply Depot  
Show
View Real Time Build Order
Export as new Build Order

DaPranksta Terran 

Build Orders:  

Get SALT Encoding   

  12  0:01  SCV  
  13  0:13  SCV  
  14  0:24  Supply Depot  
  14  0:29  SCV  
  15  0:46  Supply Depot  
  15  0:52  Barracks  
  15  0:55  SCV  
  16  1:08  SCV  
  17  1:18  Supply Depot  
  17  1:27  Refinery  
  17  1:32  Refinery  
  17  1:39  Barracks  
  17  1:43  Engineering Bay  
  17  1:53  Marine  
  18  2:06  Orbital Command  
  18  2:11  Marine  
  19  2:28  Marine  
  19  2:29  Marine  
  21  2:45  Bunker  
  21  2:46  Marine  
  21  2:47  Marine  
  23  2:54  SCV  
  24  3:05  Marine  
  25  3:07  SCV  
  26  3:19  Missile Turret  
  26  3:22  Marine  
  27  3:34  Bunker  
  27  3:38  Barracks Reactor  
  27  3:40  Marine  
  28  3:49  Missile Turret  
  28  4:07  Barracks Reactor, Command Center  
  28  4:11  Missile Turret  
  28  4:19  Terran Infantry Weapons Level 1  
  28  4:32  SCV, Missile Turret  
  29  4:43  Marine x2  
  29  4:44  SCV  
  32  5:12  SCV  
  33  5:14  Factory  
  33  5:19  Orbital Command  
  33  5:24  SCV  
  34  5:36  SCV  
  35  5:47  Missile Turret  
  35  5:59  Starport  
  35  6:01  Factory Tech Lab  
  35  6:05  Marine x2  
  35  6:08  Missile Turret  
  37  6:19  Engineering Bay  
  37  6:23  Marine x2  
  39  6:31  Siege Tank  
  42  6:40  Marine  
  42  6:41  Marine, Fusion Core  
  42  6:42  Starport Tech Lab  
  42  6:45  Armory  
  44  6:48  SCV  
  45  6:58  Marine x2  
  47  7:03  Siege Tank  
  47  7:08  Missile Turret  
  50  7:12  Terran Infantry Armor Level 1  
  50  7:36  Starport  
  16  9:09  Marine x2  
  14  9:14  Marine  
  14  9:15  Marine  
  16  9:19  Orbital Command  
  16  9:26  Marine  
  16  9:27  Marine  
  18  9:32  Marine x2  
  20  9:44  Marine x2  
  22  9:50  Marine x2  
  24  10:02  Marine x2  
  21  10:20  Marine x2  
  22  10:38  Marine x2  
Tags
 
Matchup
TvT
Race
Terran
Replay Pack
Multiplayer
Spawn Locations
Cross Positions
Add a new tag
Caveats
  • Supply blocks, unpowered buildings, or Contaminate may cause inaccurate times.
  • Supply counts are checked every 10 seconds.